 Dungeon Crawl Stone Soup version 0.22.1-1-ga44c0e5 (webtiles) character file.

6209 Lauz the Thaumaturge (level 10, 0/50 HPs)
             Began as a Deep Elf Fire Elementalist on Nov 1, 2018.
             Was a Believer of Vehumet.
             Slain by an orc
             ... wielding a +0 falchion
              (2 damage)
             ... on level 9 of the Dungeon.
             The game lasted 00:45:28 (9791 turns).

Lauz the Thaumaturge (Deep Elf Fire Elementalist)   Turns: 9791, Time: 00:45:31

Health: 0/50       AC:  4    Str:  5    XL:     10   Next: 61%
Magic:  5/28       EV: 13    Int: 24    God:    Vehumet [**....]
Gold:   510        SH:  0    Dex: 15    Spells: 21/34 levels left

rFire    . . .     SeeInvis .   d - +4 dagger
rCold    . . .     Gourm    .   (no shield)
rNeg     . . .     Faith    .   a - +0 robe
rPois    .         Spirit   .   (no helmet)
rElec    .         Reflect  .   (no cloak)
rCorr    .         Harm     .   m - +0 pair of gloves
MR       ++...                  q - +0 pair of boots
Stlth    ++........             r - amulet of regeneration
HPRegen  0.56/turn              s - ring of protection from magic
MPRegen  0.21/turn              (no ring)

@: no status effects
A: no striking features
a: Renounce Religion


You were on level 9 of the Dungeon.
You worshipped Vehumet.
Vehumet was pleased with you.
You were not hungry.

You visited 2 branches of the dungeon, and saw 10 of its levels.

You collected 510 gold pieces.

Inventory:

Hand Weapons
 d - a +4 dagger (weapon)
 h - a +0 dagger
Armour
 a - a +0 robe (worn)
 m - a +0 pair of gloves (worn)
 q - a +0 pair of boots (worn)
Jewellery
 r - an amulet of regeneration (around neck)
 s - a ring of protection from magic (left hand)
 C - a +3 amulet of reflection {unknown}
Wands
 l - a wand of polymorph (6)
 p - a wand of clouds (9)
 t - a wand of disintegration (20)
 y - a wand of scattershot (11)
Scrolls
 b - 11 scrolls of identify
 f - 3 scrolls of remove curse {unknown}
 g - 8 scrolls of teleportation {unknown}
 k - a scroll of fog {unknown}
 n - 7 scrolls of enchant weapon {unknown}
 v - a scroll of amnesia {unknown}
 w - a scroll of immolation {unknown}
 x - a scroll of fear {unknown}
Potions
 e - a potion of flight {unknown}
 i - a potion of cancellation {unknown}
 j - 4 potions of curing {unknown}
 o - 3 potions of resistance {unknown}
 u - a potion of might {unknown}
 z - a potion of mutation {unknown}
 A - 3 potions of agility {unknown}
 B - 3 potions of brilliance {unknown}
Comestibles
 c - 24 rations
 D - 4 chunks of flesh


   Skills:
 + Level 3.1 Dodging
 - Level 2.4 Stealth
 + Level 12.5 Spellcasting
 + Level 10.3 Conjurations
 + Level 10.1 Fire Magic


You had 21 spell levels left.
You knew the following spells:

 Your Spells              Type           Power        Failure   Level  Hunger
a - Flame Tongue          Conj/Fire      #####        1%          1    None
b - Conjure Flame         Conj/Fire      ######..     1%          3    None
c - Sticky Flame          Conj/Fire      ######..     1%          4    None
d - Fireball              Conj/Fire      ######....   1%          5    ###....

Your spell library contained the following spells:

 Spells                   Type           Power        Failure   Level  Hunger
 Freeze                   Ice            ###.         4%          1    None
 Magic Dart               Conj           ####         1%          1    None
 Searing Ray              Conj           ######       1%          2    None
 Throw Flame              Conj/Fire      ######       1%          2    None
 Dazzling Spray           Conj/Hex       #####.       1%          3    None
 Inner Flame              Hex/Fire       #####...     1%          3    None
 Iskenderun's Mystic Bla  Conj           ######..     1%          4    None
 Force Lance              Conj/Tloc      #####...     4%          4    None
 Fulminant Prism          Conj/Hex       #####.....   4%          4    None


Dungeon Overview and Level Annotations

Branches:
Dungeon (9/15)             Temple (1/1) D:6             Orc (0/2) D:9
   Lair: D:8-11

Altars:
Ashenzari
Dithmenos
Elyvilon
Fedhas
Hepliaklqana
Kikubaaqudgha
Okawaru
Qazlal
Ru
Uskayaw
Vehumet
Wu Jian
Yredelemnul
Zin

Shops:
D:6 =[[=

Annotations:
D:3 1 runed door
D:8 exclusion: oklob plant
D:9 Harold


Message History

Aim: Harold, wielding a war axe and wearing a scale mail (lightly wounded, The sticky flame hits Harold.
Harold is moderately wounded.
Harold is covered in liquid flames!
Harold burns!
The orc hits you with a falchion. Harold barely misses you.
Really walk into that cloud of flame?
You are engulfed in blazing flames.
Harold burns!
The orc hits you but does no damage.
Harold burns!
Harold burns!
Harold says, "This is so exciting!
What a great way to end my career!"
Harold throws a throwing net.
The throwing net completely misses you.
You see here a throwing net.
Harold burns!
Harold casts a spell at you. The harpoon shot hits you!
* * * LOW HITPOINT WARNING * * *
You are yanked forward by the harpoon shot.
The orc hits you with a falchion.
You die...

#...# #.# #O......
####...# #.# #....#...
#......# #.# #.......##
#.##...####.##..
......#?.
##..............#
......#.....##### #.
....#...###### #...
.............###### ....8
###..#######(.(.@@#......
....## ######oo......
.#.## #..8....> ...
##.)..... .. #....(. .#
.....8 ###... ... ..


You could see Harold (burning) and 2 orcs.

Vanquished Creatures
  A two-headed ogre (D:8)
  Joseph (D:9)
  Grinder (D:6)
  2 polar bears (D:8)
  3 hornets (D:8)
  A hippogriff (D:7)
  4 yaks (D:8)
  Eustachio (D:4)
  Menkaure (D:6)
  A soldier ant (D:8)
  2 orc warriors
  A sky beast (D:7)
  A black bear (D:6)
  An eye of draining (D:9)
  4 ogres
  2 wolves (D:8)
  3 centaurs
  A big kobold (D:8)
  5 bullfrogs
  A gnoll sergeant (D:5)
  3 scorpions
  4 howler monkeys
  2 electric eels (D:8)
  2 crimson imps
  A bullfrog zombie (D:7)
  A jelly (D:5)
  An orc priest (D:7)
  A centaur skeleton (D:7)
  A hound (D:9)
  5 orc wizards
  Ijyb (D:3)
  8 worker ants
  A worker ant zombie (D:5)
  A gnoll (D:5)
  16 adders
  2 shadow imps
  3 white imps (D:8)
  An ufetubus (D:8)
  An ooze (D:5)
  An adder skeleton (D:4)
  A worm (D:6)
  4 dart slugs
  An adder simulacrum (D:8)
  A leopard gecko (D:8)
  23 orcs
  A giant cockroach (D:3)
  10 goblins
  6 hobgoblins
  5 jackals
  A quokka (D:3)
  A ball python (D:2)
  10 bats
  2 frilled lizards (D:2)
  10 kobolds
  A kobold skeleton (D:3)
  A leopard gecko skeleton (D:7)
  A quokka skeleton (D:5)
  10 rats
182 creatures vanquished.

Notes
Turn   | Place    | Note
-------+----------+-------------------------------------------
     0 | D:1      | Lauz the Deep Elf Fire Elementalist began the quest for the
                  | Orb.
     0 | D:1      | Reached XP level 1. HP: 10/10 MP: 6/6
   284 | D:1      | Reached XP level 2. HP: 15/15 MP: 6/8
   863 | D:2      | Reached XP level 3. HP: 13/19 MP: 6/10
  1017 | D:2      | Found a white marble altar of Elyvilon.
  1383 | D:2      | Found a blossoming altar of Fedhas.
  1427 | D:2      | Learned a level 3 spell: Conjure Flame
  1582 | D:2      | Reached XP level 4. HP: 24/24 MP: 9/11
  2075 | D:3      | Reached skill level 4 in Spellcasting
  2270 | D:3      | Found a runed door.
  2270 | D:3      | Noticed a human
  2274 | D:3      | Found a basalt altar of Yredelemnul.
  2276 | D:3      | Noticed Ijyb
  2331 | D:3      | Killed Ijyb
  2331 | D:3      | Reached XP level 5. HP: 28/28 MP: 9/13
  2610 | D:3      | Reached skill level 5 in Spellcasting
  2684 | D:3      | Found a faded altar of an unknown god.
  2875 | D:3      | Reached XP level 6. HP: 32/32 MP: 0/15
  3192 | D:4      | Reached skill level 5 in Fire Magic
  3689 | D:4      | Noticed Eustachio
  3710 | D:4      | Killed Eustachio
  3710 | D:4      | Reached skill level 6 in Spellcasting
  3710 | D:4      | Reached skill level 5 in Conjurations
  3710 | D:4      | Reached XP level 7. HP: 33/36 MP: 7/18
  4229 | D:5      | Entered Level 5 of the Dungeon
  4989 | D:5      | Learned a level 4 spell: Sticky Flame
  4995 | D:5      | Learned a level 5 spell: Fireball
  5003 | D:5      | Reached skill level 7 in Spellcasting
  5111 | D:5      | Reached XP level 8. HP: 41/41 MP: 13/20
  5476 | D:6      | Found Uloadghy's Antique Armour Shop.
  5570 | D:6      | Noticed Menkaure
  5571 | D:6      | Killed Menkaure
  5571 | D:6      | Reached skill level 8 in Spellcasting
  5681 | D:6      | Found Joittoeng's Jewellery Shop.
  5685 | D:6      | Noticed Grinder
  5690 | D:6      | Killed Grinder
  5873 | D:6      | Reached skill level 9 in Spellcasting
  6040 | D:6      | Found a staircase to the Ecumenical Temple.
  6127 | Temple   | Entered the Ecumenical Temple
  6152 | Temple   | Became a worshipper of Vehumet
  6278 | D:6      | Found Janauroj's Jewellery Boutique.
  6379 | D:6      | Found Raus's Antique Armour Shoppe.
  6420 | D:7      | Reached XP level 9. HP: 45/45 MP: 18/24
  7222 | D:7      | Reached skill level 10 in Spellcasting
  7846 | D:8      | Noticed a polar bear
  7847 | D:8      | Reached * piety under Vehumet
  7847 | D:8      | Offered knowledge of Sandblast by Vehumet.
  7854 | D:8      | Killed a polar bear
  7992 | D:8      | Noticed a two-headed ogre
  8046 | D:8      | Killed a two-headed ogre
  8046 | D:8      | Reached skill level 11 in Spellcasting
  8168 | D:8      | Found a shadowy altar of Dithmenos.
  8174 | D:8      | Noticed an oklob plant
  8260 | D:8      | Noticed a polar bear
  8284 | D:8      | Reached XP level 10. HP: 34/50 MP: 0/27
  8841 | D:8      | Reached skill level 10 in Conjurations
  8958 | D:8      | Reached skill level 12 in Spellcasting
  9306 | D:9      | Noticed Joseph
  9311 | D:9      | Killed Joseph
  9393 | D:9      | Offered knowledge of Freeze by Vehumet.
  9582 | D:9      | Reached skill level 10 in Fire Magic
  9678 | D:9      | Reached ** piety under Vehumet
  9777 | D:9      | Noticed Harold
  9783 | D:9      | Found a staircase to the Orcish Mines.
  9791 | D:9      | HP: 2/50 [Harold/harpoon shot (17)]
  9791 | D:9      | Slain by an orc

Skill      XL: |  1  2  3  4  5  6  7  8  9 10 |
---------------+-------------------------------+-----
Fire Magic     | 4 5 6 7 9 10 | 10.1
Conjurations   | 2 3 4 5 6 7 9 10 | 10.3
Spellcasting   | 4 5 6 7 9 11 12 | 12.5
Dodging        | 3 |  3.1
Stealth        | |  2.4

Action                   |  1- 3 |  4- 6 |  7- 9 | 10-12 || total
-------------------------+-------+-------+-------+-------++-------
Melee: Unarmed           |       |     5 |       |       ||     5
       Dagger            |       |       |    14 |       ||    14
 Cast: Flame Tongue      |    53 |    87 |   183 |    58 ||   381
       Conjure Flame     |       |     9 |    16 |     2 ||    27
       Fireball          |       |       |    35 |    15 ||    50
       Sticky Flame      |       |       |     3 |    17 ||    20
  Use: Scroll            |       |       |     1 |       ||     1
  Eat: Chunk             |     2 |     7 |    20 |     3 ||    32
       Ration            |       |       |       |     1 ||     1
Armor: Robe              |     5 |       |     6 |     4 ||    15
       Skin              |       |     1 |       |       ||     1
Dodge: Dodged            |     9 |    13 |    38 |    32 ||    92
